 Dungeon Crawl Stone Soup version 0.31.0-9-g3a7656b989 (webtiles) character file.

Game seed: 18270320098791196423

16 Colgate the Poker (level 2, 19/24 HPs)
             Began as a Demonspawn Chaos Knight on Feb 3, 2024.
             Was a Plaything of Xom.
             Quit the game on level 1 of the Dungeon.
             The game lasted 00:00:09 (201 turns).

Colgate the Poker (Demonspawn Chaos Knight)          Turns: 201, Time: 00:00:09

Health: 19/24      AC:  7    Str: 12    XL:     2   Next: 41%
Magic:  2/2        EV: 11    Int: 12    God:    Xom [..*...]
Gold:   9          SH:  0    Dex: 12    Spells: 1/1 levels left

rFire   . . .        a - +0 spear (chaos)
rCold   . . .        (no shield)
rNeg    . . .        b - +2 leather armour
rPois   .            (no helmet)
rElec   .            (no cloak)
rCorr   .            (no gloves)
SInv    .            (no boots)
Will    .....        (no amulet)
Stlth   +            (no ring)
HPRegen 0.24/turn    (no ring)
MPRegen 0.08/turn

%: no passive effects
@: no status effects
A: molten scales 1
a: Renounce Religion


You were on level 1 of the Dungeon.
You worshipped Xom.
You were a toy of Xom.
You visited 1 branch of the dungeon, and saw 1 of its levels.

You collected 9 gold pieces.

Inventory:

Hand Weapons
 a - a +0 spear of chaos (weapon)
Armour
 b - a +2 leather armour (worn)
Scrolls
 c - a scroll of butterflies
 d - a scroll of amnesia {unknown}
 e - a scroll of identify {unknown}


   Skills:
 - Level 3.0 Fighting
 + Level 3.5 Polearms
 - Level 1.7 Armour
 - Level 0.8 Dodging


You had one spell level left.
You didn't know any spells.
Your spell library contained the following spells:

 Spells                   Type           Power      Damage    Failure   Level
 Shock                    Conj/Air       0%         1d3       38%         1
 Swiftness                Air            0%         N/A       77%         3
 Airstrike                Air            0%         2d(0-16)  99%         4


Dungeon Overview and Level Annotations

Branches:
Dungeon (1/15)

Altars:


Innate Abilities, Weirdness & Mutations

You are partially covered in molten scales. (AC +2)


Message History

Key pressed, stopping explore.
No target in view!
Key pressed, stopping explore.
No target in view!
Found a stone.
No target in view!
Found a stone staircase leading down.
No target in view!
A gnoll comes into view. It is wielding a +0 whip.
Found a scroll labelled XILONELYIS.
Found a stone staircase leading down.
The gnoll shouts!
A giant cockroach comes into view.
There are monsters nearby!
There are monsters nearby!
You reach to attack!
You barely miss the gnoll.
There are monsters nearby!
You hit the gnoll.
The gnoll is poisoned.
There are monsters nearby!
You hit the gnoll but do no damage. The gnoll hits you with a +0 whip.
There are monsters nearby!
You hit the gnoll but do no damage.
The gnoll blinks!
There are monsters nearby!
You completely miss the giant cockroach.
The giant cockroach bites you but does no damage.
There are monsters nearby!
You hit the gnoll. You freeze the gnoll. The gnoll hits you with a +0 whip.
The giant cockroach closely misses you.
There are monsters nearby!
You hit the gnoll but do no damage.
A bat comes into view.
The giant cockroach barely misses you. The gnoll hits you but does no damage.
There are monsters nearby!
You hit the gnoll.
The gnoll looks even sicker.
You kill the gnoll!
The giant cockroach barely misses you.
You have reached level 2!
Your demonic ancestry asserts itself...
Molten scales grow over part of your body.
Xom is amused.
Are you sure you want to abandon this character and quit the game? (Confirm with "yes".)

#~PP ... #.##
.... #.## >..?
.(. #... ..>..
#.# #.##
....### #.# #.#
#...## #.# #.##
.##.####..###.#
#...
#....bB@)...#.#
#.<.
..#########.#.#
#.). #...####
####
#......#### ##
##........###.
##.....#.....
#.##..###...
#.##..# #.##
#.###...#...


You could see a giant cockroach and a bat.

Vanquished Creatures
  A gnoll (D:1)
  A ball python (D:1)
  An endoplasm (D:1)
  A goblin (D:1)
  2 jackals (D:1)
6 creatures vanquished.

Notes
Turn   | Place    | Note
-------+----------+-------------------------------------------
     0 | D:1      | Colgate the Demonspawn Chaos Knight began the quest for the
                  | Orb.
     0 | D:1      | Reached XP level 1. HP: 18/18 MP: 1/1
   201 | D:1      | Gained mutation: You are partially covered in molten
                  | scales. (AC +2) [demonic ancestry]
   201 | D:1      | Reached XP level 2. HP: 19/24 MP: 2/2
   201 | D:1      | Quit the game

Illustrated notes

Levels and vault maps discovered:
D:1:      psy_arrival_conway, layout_rooms, hellmonk_ecumenical_altar_zigzags,
          minmay_misc_feat_doors

Skill      XL: |  1 |
---------------+----+-----
Polearms       | 3 |  3.5
Fighting       | |  3.0
Armour         | |  1.7
Dodging        | |  0.8

Action                     || total
---------------------------++-------
  Melee: Spear             ||    21
 Armour: Leather armour    ||    10
  Dodge: Dodged            ||     3
